 Dungeon Crawl Stone Soup version 0.32-a0-18-g89e19f1974 (webtiles) character file.

Game seed: 11892802004947633433

1195 p00ps00p the Chopper (level 8, 0/71 HPs)
             Began as a Hill Orc Fighter on Jan 16, 2024.
             Was an Initiate of Gozag.
             Killed by divine providence
             ... invoked by an orc priest
              (12 damage)
             ... on level 6 of the Dungeon.
             The game lasted 00:07:48 (5258 turns).

p00ps00p the Chopper (Hill Orc Fighter)             Turns: 5258, Time: 00:07:48

Health: 0/71       AC: 16    Str: 21    XL:     8   Next: 44%
Magic:  8/8        EV:  6    Int:  8    God:    Gozag
Gold:   202        SH: 10    Dex: 10    Spells: 7/7 levels left

rFire   . . .        a - +1 war axe
rCold   . . .        c - +0 buckler
rNeg    . . .        e - +1 plate armour
rPois   .            (no helmet)
rElec   .            u - +0 cloak
rCorr   +            (no gloves)
SInv    +            m - +0 pair of boots
Will    .....        n - amulet of reflection Stlth
                     h - ring of resist corrosion
HPRegen 0.31/turn    i - ring of see invisible
MPRegen 0.11/turn

%: reflection
@: gold aura
A: no striking features
a: Renounce Religion, Convert to Beogh, Potion Petition, Call Merchant, Bribe
Branch


You were on level 6 of the Dungeon.
You worshipped Gozag.
Gozag was aware of your devotion.
You visited 2 branches of the dungeon, and saw 7 of its levels.

You collected 271 gold pieces.
You paid 69 gold pieces to Gozag.

Inventory:

Hand Weapons
 a - a +1 war axe (weapon)
Missiles
 f - 4 atropa-tipped darts (quivered)
 v - 7 poisoned darts
Armour
 b - a +0 scale mail
 c - a +0 buckler (worn)
 e - a +1 plate armour (worn)
 m - a +0 pair of boots (worn)
 u - a +0 cloak (worn)
Jewellery
 h - a ring of resist corrosion (left hand)
 i - a ring of see invisible (right hand)
 n - an amulet of reflection (around neck)
 o - a ring of ice
 q - a ring of protection from cold
Wands
 t - a wand of iceblast (5)
Scrolls
 d - 2 scrolls of vulnerability
 p - 4 scrolls of teleportation
 s - 2 scrolls of poison
 w - a scroll of fog
 x - a scroll of noise {unknown}
 y - a scroll of revelation {unknown}
Potions
 g - a potion of cancellation
 j - 2 potions of resistance
 k - 2 potions of magic
 l - a potion of heal wounds
 r - a potion of haste {unknown}
 z - a potion of degeneration {unknown}
 A - a potion of curing {unknown}


   Skills:
 + Level 6.9 Fighting
 + Level 7.0 Axes
 + Level 6.2 Armour
 + Level 6.2 Shields


You had 7 spell levels left.
You didn't know any spells.
Your spell library contained the following spells:

 Spells                   Type           Power      Damage    Failure   Level
 Blink                    Tloc           0%         N/A       100%        2
 Lesser Beckoning         Tloc           0%         N/A       100%        2
 Momentum Strike          Conj/Tloc      0%         3d8       100%        2
 Tukima's Dance           Hex            0%         N/A       100%        3
 Passage of Golubria      Tloc           0%         N/A       100%        4
 Yara's Violent Unravell  Hex/Alch       0%         3d3       100%        5


Dungeon Overview and Level Annotations

Branches:
Dungeon (6/15)             Temple (1/1) D:6

Altars:
Ashenzari
Dithmenos
Elyvilon
Gozag
Hepliaklqana
Kikubaaqudgha
Makhleb
Nemelex Xobeh
Okawaru
Qazlal
Ru
Trog
Uskayaw
Vehumet
Xom
Yredelemnul
Zin
The Shining One


Message History

The orc wizard hits you but does no damage.
You block the water moccasin's attack.
You miss the water moccasin.
The water moccasin is moderately wounded.
You hit the steam dragon. You barely miss the orc wizard.
The orc wizard is engulfed in a cloud of scalding steam.
The orc wizard dies!
You block the steam dragon's attack. x2
The water moccasin bites you but does no damage.
You miss the water moccasin.
The water moccasin is moderately wounded.
You hit the steam dragon but do no damage.
The water moccasin is engulfed in a cloud of scalding steam.
The water moccasin bites you. The steam dragon closely misses you.
The steam dragon claws you but does no damage.
A white imp comes into view.
The water moccasin is engulfed in a cloud of scalding steam.
You block the water moccasin's attack. The steam dragon breathes steam at you.
The ball of steam hits you.
An orc priest comes into view. It is wielding a +0 hand axe.
The orc priest shouts!
The orc priest shouts, "Join the one true god or die!"
You barely miss the water moccasin.
The water moccasin is severely wounded.
You hit the steam dragon but do no damage.
The orc priest shouts, "Join the one true god or die!"
You hit the orc warrior but do no damage.
You are engulfed in a cloud of scalding steam.
The water moccasin bites you but does no damage.
The orc warrior is engulfed in a cloud of scalding steam.
The orc warrior hits you with a +0 short sword.
* * * LOW HITPOINT WARNING * * *
The steam dragon breathes steam at you. The ball of steam hits you!
* * * LOW HITPOINT WARNING * * *
The orc priest calls down the wrath of Beogh upon you.
Beogh smites you!
You die...
Your body crumbles into a pile of gold.

#..##..........###.#
##...######........###
#.........+...........
#.....#####.........##
#.....# #########..#
#.....# ##..
#....§######## #...
#....§§§...... #...
#....@o....... #...
####DS$....... #...
.$.......... ####
...........5o.
#.....#######..
....... . .......
.......


You could see a steam dragon (catching breath), an orc warrior, a water
moccasin, an orc priest and a white imp.

Vanquished Creatures
  A steam dragon (Temple)
  A water moccasin (D:5)
  An ice beast (D:5)
  2 black bears
  A sky beast (D:6)
  An ogre (D:3)
  3 scorpions
  2 bombardier beetles
  An orc priest (D:4)
  An iguana (D:5)
  An orc wizard (D:4)
  4 gnolls (D:6)
  4 adders
  2 white imps
  3 ufetubi
  3 ribbon worms
  3 orcs (D:4)
  4 bats
  3 endoplasms (D:4)
  3 giant cockroaches
  4 goblins
  10 hobgoblins
  4 jackals (D:2)
  4 quokkas
  8 ball pythons
  5 frilled lizards
  11 kobolds
  6 rats
96 creatures vanquished.

Vanquished Creatures (others)
  An orc wizard (D:6)
  An ufetubus (D:6)
2 creatures vanquished.

Grand Total: 98 creatures vanquished

Notes
Turn   | Place    | Note
-------+----------+-------------------------------------------
     0 | D:1      | p00ps00p the Hill Orc Fighter began the quest for the Orb.
     0 | D:1      | Reached XP level 1. HP: 19/19 MP: 1/1
   137 | D:1      | Found a faded altar of an unknown god.
   160 | D:1      | Reached XP level 2. HP: 27/27 MP: 2/2
   195 | D:1      | Reached skill level 3 in Axes
  1326 | D:2      | Found a sparkling altar of Nemelex Xobeh.
  1427 | D:2      | Reached XP level 3. HP: 30/33 MP: 3/3
  1972 | D:3      | Noticed an ogre
  1979 | D:3      | Killed an ogre
  1980 | D:3      | Reached skill level 4 in Axes
  1980 | D:3      | Reached XP level 4. HP: 27/41 MP: 4/4
  1980 | D:3      | Reached XP level 5. HP: 31/47 MP: 5/5
  2140 | D:3      | You fall into a shaft and drop 1 floor!
  2727 | D:4      | Reached skill level 5 in Fighting
  2727 | D:4      | Reached XP level 6. HP: 56/56 MP: 6/6
  2778 | D:3      | Found an ancient bone altar of Kikubaaqudgha.
  2941 | D:3      | Found a sparkling altar of Nemelex Xobeh.
  3488 | D:4      | Reached skill level 5 in Axes
  3499 | D:4      | Noticed a black bear
  3510 | D:4      | Killed a black bear
  3511 | D:4      | Reached skill level 5 in Armour
  3511 | D:4      | Reached skill level 5 in Shields
  3511 | D:4      | Reached XP level 7. HP: 58/61 MP: 7/7
  3912 | D:5      | Entered Level 5 of the Dungeon
  4257 | D:5      | Reached skill level 6 in Axes
  4344 | D:5      | Reached XP level 8. HP: 63/71 MP: 8/8
  4909 | D:6      | Found a staircase to the Ecumenical Temple.
  4919 | Temple   | Entered the Ecumenical Temple
  4946 | Temple   | Became a worshipper of Gozag Ym Sagoz the Greedy
  5222 | D:6      | Reached skill level 7 in Axes
  5258 | D:6      | Killed from afar by an orc priest

Illustrated notes

Levels and vault maps discovered:
D:1:      minmay_arrival_diagonal_passages, layout_basic,
          hellmonk_ecumenical_altar_arch_garden
D:2:      layout_basic, basic_altar
D:3:      layout_basic, nicolae_overflow_crystal_walls, kiku_gazebo_pond_becter
D:4:      layout_layer_cave
D:5:      layout_basic, chequers_serial_rivers_small_3, nicolae_tricolors
D:6:      layout_basic, minmay_temple_entry_statues_fountains,
          nicolae_shop_vocational
Temple:   nicolae_temple_x_marks_the_god

Skill      XL: |  1  2  3  4  5  6  7  8 |
---------------+-------------------------+-----
Axes           | 3 4 5 6 7 |  7.0
Fighting       | 4 5 6 |  6.9
Armour         | 4 5 6 |  6.2
Shields        | 4 5 6 |  6.2

Action                     |  1- 3 |  4- 6 |  7- 9 || total
---------------------------+-------+-------+-------++-------
  Melee: War axe           |   152 |    91 |    92 ||   335
    Use: Scroll            |     7 |     8 |     1 ||    16
         Potion            |     1 |       |       ||     1
 Armour: Scale mail        |    35 |       |       ||    35
         Plate armour      |   101 |    62 |   122 ||   285
  Dodge: Dodged            |    57 |    28 |    24 ||   109
  Block: Buckler           |    50 |    46 |    62 ||   158
         Reflection        |     2 |       |     1 ||     3

Table legend: (Time is in decaauts)
 A = Elapsed time spent in this place.
 B = Non-inter-level travel time spent in this place.
 C = Inter-level travel time spent in this place.
 D = Time resting spent in this place.
 E = Time spent auto-exploring this place.
 F = Levels seen in this place.
 G = Mean time per level.
                   A        B        C        D        E       F      G
               +--------+--------+--------+--------+--------+-----+--------+
         Total |   5368 |   5170 |    198 |      0 |   4232 |   7 |  766.9 |
       Dungeon |   5198 |   5008 |    190 |      0 |   4100 |   6 |  866.3 |
        Temple |    169 |    161 |      8 |      0 |    132 |   1 |  169.0 |
               +--------+--------+--------+--------+--------+-----+--------+

Top non-repeatable levels by time:
     D:4: 1317 daAuts
     D:1: 1220 daAuts
     D:5: 907 daAuts
     D:2: 788 daAuts
     D:3: 698 daAuts
     D:6: 265 daAuts
  Temple: 169 daAuts
